 Dungeon Crawl Stone Soup version 0.27.1 (webtiles) character file.

Game seed: 4665143444802030079

228 Atelerd the Digger (level 6, -10/36 HPs)
             Began as an Octopode Earth Elementalist on Sept 4, 2021.
             Shot with an arrow by a centaur (13 damage)
             ... on level 4 of the Dungeon.
             The game lasted 00:05:18 (3724 turns).

Atelerd the Digger (Octopode Earth Elementalist)    Turns: 3724, Time: 00:05:19

Health: -10/36     AC:  1    Str:  7    XL:     6   Next: 2%
Magic:  10/10      EV: 13    Int: 19    God:
Gold:   68         SH:  0    Dex: 13    Spells: 2/10 levels left

rFire    . . .     SeeInvis .   a - +0 dagger
rCold    . . .     Faith    .   (no shield)
rNeg     . . .     Spirit   .   (helmet restricted)
rPois    .         Reflect  .   (no amulet)
rElec    .         Harm     .   (no ring)
rCorr    .         Rampage  .   (no ring)
Will     .....                  (no ring)
Stlth    ++++......             (no ring)
HPRegen  0.12/turn              (no ring)
MPRegen  0.12/turn              (no ring)
                                (no ring)
                                (no ring)

@: no status effects
A: almost no armour, amphibious, 8 rings, camouflage 1, gelatinous body 1,
(nimble swimmer 1), tentacles
a: no special abilities


You were on level 4 of the Dungeon.
You visited 1 branch of the dungeon, and saw 4 of its levels.
You also visited: Sewer.

You collected 68 gold pieces.

Inventory:

Hand Weapons
 a - a +0 dagger (weapon)
Jewellery
 i - an amulet of guardian spirit
Scrolls
 c - 2 scrolls of teleportation
 e - a scroll of fear {unknown}
 f - a scroll of amnesia {unknown}
 g - a scroll of blinking {unknown}
 h - a scroll of enchant armour {unknown}
 k - a scroll of identify {unknown}
 l - a scroll of summoning {unknown}
Potions
 b - a potion of flight {unknown}
 d - 4 potions of heal wounds {unknown}
 j - a potion of mutation {unknown}


   Skills:
 - Level 2.0 Dodging
 + Level 4.2 Stealth
 + Level 2.8 Spellcasting
 * Level 3.3 Transmutations
 * Level 4.4 Earth Magic


You had 2 spell levels left.
You knew the following spells:

 Your Spells              Type           Power      Damage    Failure   Level
a - Sandblast             Erth           38%        2d10      2%          1
p - Petrify               Tmut/Erth      17%        N/A       30%         4
r - Stone Arrow           Conj/Erth      22%        3d8       19%         3

Your spell library contained the following spells:

 Spells                   Type           Power      Damage    Failure   Level
 Passwall                 Tmut/Erth      14%        N/A       4%          2
 Gell's Gravitas          Tloc           1%         N/A       43%         3
 Lesser Beckoning         Tloc           1%         N/A       43%         3
 Teleport Other           Tloc           2%         N/A       43%         3


Dungeon Overview and Level Annotations

Branches:
Dungeon (4/15)              Sewer (visited)
 Temple: D:4-7

Altars:

Annotations:
D:3 1 transporter


Innate Abilities, Weirdness & Mutations

You cannot wear most types of armour.
You are amphibious.
You can wear up to eight rings at the same time.
Your skin changes colour to match your surroundings (Stealth+).
Your rubbery body absorbs attacks. (AC +1, EV +1)
((You are camouflaged near water. (Stealth+)))
You have tentacles for arms and can constrict up to eight enemies at once.


Message History

There are monsters nearby!
An orc comes into view. It is wielding a +0 flail.
Found 9 gold pieces.
An orc comes into view. It is wielding a +0 mace.
There are monsters nearby!
Unknown command.
There are monsters nearby!
The hobgoblin closely misses you.
A goblin comes into view. It is wielding a +0 club.
An orc comes into view. It is wielding a +0 hand axe.
The kobold shouts!
The orc shouts!
You hit the hobgoblin. You grab the hobgoblin.
The hobgoblin is moderately wounded.
You constrict the hobgoblin. The hobgoblin hits you.
The kobold throws a stone.
The stone closely misses you.
There are monsters nearby!
You barely miss the hobgoblin.
The hobgoblin is heavily wounded.
You constrict the hobgoblin.
A centaur comes into view.
The hobgoblin barely misses you.
There are monsters nearby!
Unknown command.
You release your grip on the hobgoblin.
The centaur shouts!
The hobgoblin misses you.
Found a stone staircase leading down.
The centaur wields a +2 vorpal shortbow.
The centaur shoots an arrow.
The arrow hits you.
The centaur shoots an arrow.
The arrow hits you!
The centaur shoots an arrow.
The arrow barely misses you.
The kobold throws a stone.
The stone hits you.
The centaur shoots an arrow.
The arrow barely misses you.
A quokka comes into view.
The centaur shoots an arrow.
The arrow hits you!
* * * LOW HITPOINT WARNING * * *
x2 The centaur shoots an arrow.
The arrow barely misses you. The goblin hits you but does no damage.
The centaur shoots an arrow.
The arrow barely misses you.
The centaur shoots an arrow.
The arrow hits you!
You die...

.......o......######
...?....#####......
......o.# #.##.###
.......o#####.#.....
$#####..o........# >
#.....K...#.#
#.......g...#
#......o.g..#
#......rc..@#######
#.....†..........<#
#..........########
............#
.##.........##
###########


You could see a centaur, an orc, a quokka, a hobgoblin, a goblin and a kobold.

Vanquished Creatures
  Purgy (Sewer)
  A hound (D:3)
  2 adders (D:3)
  5 worms (D:3)
  4 orcs (D:3)
  7 bats
  4 endoplasms (D:2)
  A giant cockroach (D:2)
  9 goblins
  7 hobgoblins
  A quokka (D:3)
  8 ball pythons
  7 frilled lizards
  2 kobolds
  8 rats
67 creatures vanquished.

Notes
Turn   | Place    | Note
-------+----------+-------------------------------------------
     0 | D:1      | Atelerd the Octopode Earth Elementalist began the quest for
                  | the Orb.
     0 | D:1      | Reached XP level 1. HP: 11/11 MP: 3/3
   379 | D:1      | Reached XP level 2. HP: 9/17 MP: 0/5
  1168 | D:2      | Reached XP level 3. HP: 15/21 MP: 6/6
  2055 | D:3      | Found a transporter.
  2103 | D:3      | Reached XP level 4. HP: 14/27 MP: 4/7
  2400 | D:3      | Learned a level 4 spell: Petrify
  2404 | D:3      | Learned a level 3 spell: Stone Arrow
  2432 | D:3      | Reached XP level 5. HP: 31/31 MP: 8/8
  2450 | D:3      | Found a glowing drain.
  2455 | Sewer    | Entered a sewer
  2627 | Sewer    | Noticed Purgy
  3182 | Sewer    | Killed Purgy
  3183 | Sewer    | Reached XP level 6. HP: 28/36 MP: 1/10
  3724 | D:4      | Shot with an arrow by a centaur

Illustrated notes

Levels and vault maps discovered:
D:1:      lightli_arrival_isolated_outpost, layout_rooms,
          grunt_decor_one_mirror, hangedman_decor_clover_reticule
D:2:      layout_rooms
D:3:      layout_basic, lightli_sewer_entry_pipes,
          gammafunk_ghost_abyssal_escape
D:4:      layout_basic

Skill      XL: |  1  2  3  4  5 |
---------------+----------------+-----
Stealth        | 3 4 |  4.2
Transmutations | 2 3 |  3.3
Earth Magic    | 4 |  4.4
Dodging        | |  2.0
Spellcasting   | |  2.8

Action                   |  1- 3 |  4- 6 || total
-------------------------+-------+-------++-------
Melee: Unarmed           |    10 |       ||    10
       Tentacles         |     8 |    16 ||    24
       Constrict         |     9 |    16 ||    25
       Dagger            |    33 |    80 ||   113
 Cast: Sandblast         |    36 |     7 ||    43
       Petrify           |       |     4 ||     4
  Use: Scroll            |     2 |       ||     2
 Stab: Sleeping          |     6 |    10 ||    16
       Petrified         |       |     7 ||     7
Armor: Skin              |     7 |     5 ||    12
Dodge: Dodged            |    38 |    62 ||   100
